 Dungeon Crawl Stone Soup version 0.30.0-5-g1a98f26d00 (webtiles) character file.

Game seed: 13779222610844086867

54 McKennaii the Conjurer (level 3, 0/26 HPs)
             Began as a Demigod Conjurer on May 9, 2023.
             Slain by a goblin
             ... wielding a +0 club
             ... led by Robin
              (1 damage)
             ... on level 2 of the Dungeon.
             The game lasted 00:00:57 (1616 turns).

McKennaii the Conjurer (Demigod Conjurer)           Turns: 1616, Time: 00:00:59

Health: 0/26       AC:  2    Str:  8    XL:     3   Next: 44%
Magic:  4/9        EV: 12    Int: 24    God:
Gold:   77         SH:  0    Dex: 12    Spells: 4/7 levels left

rFire   . . .        j - +3 dagger
rCold   . . .        (no shield)
rNeg    . . .        a - +0 robe
rPois   .            (no helmet)
rElec   .            (no cloak)
rCorr   .            (no gloves)
SInv    .            (no boots)
Will    .....        (no amulet)
Stlth   ++           (no ring)
HPRegen 0.24/turn    (no ring)
MPRegen 0.11/turn

%: no passive effects
@: mighty
A: high MP 1, forlorn, divine attributes
a: no special abilities


You were on level 2 of the Dungeon.
You visited 1 branch of the dungeon, and saw 2 of its levels.

You collected 77 gold pieces.

Inventory:

Hand Weapons
 j - a +3 dagger (weapon)
Missiles
 h - a throwing net
Armour
 a - a +0 robe (worn)
Scrolls
 c - 2 scrolls of silence {unknown}
 d - a scroll of summoning {unknown}
 e - 3 scrolls of identify {unknown}
 g - a scroll of magic mapping {unknown}
 i - a scroll of noise {unknown}
 k - a scroll of vulnerability {unknown}
Potions
 b - a potion of magic


   Skills:
 - Level 1.7 Dodging
 - Level 1.7 Stealth
 + Level 2.7 Spellcasting
 + Level 4.3 Conjurations


You had 4 spell levels left.
You knew the following spells:

 Your Spells              Type           Power      Damage    Failure   Level
a - Magic Dart            Conj           96%        1d7       1%          1
b - Searing Ray           Conj           48%        2d6       2%          2

Your spell library contained the following spells:

 Spells                   Type           Power      Damage    Failure   Level
 Dazzling Flash           Conj/Hex       26%        N/A       14%         3
 Ensorcelled Hibernation  Hex/Ice        6%         N/A       17%         2
 Lesser Beckoning         Tloc           6%         N/A       17%         2
 Passwall                 Tmut/Erth      2%         N/A       17%         2
 Gell's Gravitas          Tloc           3%         N/A       32%         3
 Swiftness                Air            3%         N/A       32%         3
 Teleport Other           Tloc           3%         N/A       32%         3
 Fulminant Prism          Conj/Hex       6%         3d7       41%         4
 Iskenderun's Mystic Bla  Conj/Tloc      13%        2d5       41%         4


Dungeon Overview and Level Annotations

Branches:
Dungeon (2/15)

Annotations:
D:2 Robin


Innate Abilities, Weirdness & Mutations

You have an increased reservoir of magic. (+10% MP)
You shall have no god before yourself.
Your divine heritage dramatically boosts your attributes as you level up.


Message History

You hear a shout! x2
You barely miss the goblin. The goblin hits you with a +0 dagger.
Casting: Magic Dart (safe; 1% risk of failure)
Confirm with . or Enter, or press ? or * to list all spells.
Aiming: Searing Ray (safe; 3% risk of failure)
Press: ? - help, Shift-Dir - straight line, f - goblin
Aim: a goblin, wielding a +0 dagger (strong, 72% to hit)
The searing ray hits the goblin.
You kill the goblin!
The searing ray hits the goblin!
You kill the goblin!
The searing ray misses the adder. (Press . to maintain the ray.) Robin roars a battlecry!
The searing ray hits the adder.
The adder is heavily wounded.
Robin throws the goblin at you! The adder closely misses you.
The searing ray hits the adder.
The adder is almost dead.
The adder closely misses you. The goblin closely misses you.
Robin roars a battlecry!
Unknown command.
The searing ray hits the adder!
You kill the adder!
You finish channelling your searing ray.
The goblin hits you with a +0 club.
* * * LOW HITPOINT WARNING * * *
Unknown command.
You miss the goblin. The goblin barely misses you.
Robin throws the goblin at you!
* * * LOW HITPOINT WARNING * * *
A goblin comes into view. It is wielding a +0 dagger.
Unknown command.
It was a potion of might.
You feel very mighty all of a sudden.
A goblin comes into view. It is wielding a +0 dagger.
The goblin hits you with a +0 club.
* * * LOW HITPOINT WARNING * * *
The goblin hits you with a +0 club.
You die...

###. .... .. ###. g[ ###.
gg .... g# ###. #.# ..#
### #########gg# ..#
#.g@g).gg..#
..############'########.#
.......................
..
......†...†.....#######
#.# ...#########....# ..
##'####### ###### #
#......... ..........
..........


You could see Robin, a hobgoblin (strong) and 4 goblins.

Vanquished Creatures
  An adder (D:2)
  A dart slug (D:2)
  4 bats
  6 endoplasms
  2 giant cockroaches (D:2)
  8 goblins
  2 hobgoblins (D:2)
  3 jackals (D:2)
  A quokka (D:2)
  2 ball pythons
  5 frilled lizards
  3 rats (D:1)
38 creatures vanquished.

Notes
Turn   | Place    | Note
-------+----------+-------------------------------------------
     0 | D:1      | McKennaii the Demigod Conjurer began the quest for the Orb.
     0 | D:1      | Reached XP level 1. HP: 14/14 MP: 5/5
   311 | D:1      | You fall into a shaft and drop 1 floor!
   381 | D:2      | Reached XP level 2. HP: 20/20 MP: 3/7
   637 | D:1      | Reached skill level 4 in Conjurations
  1429 | D:2      | Reached XP level 3. HP: 26/26 MP: 5/9
  1432 | D:2      | Learned a level 2 spell: Searing Ray
  1604 | D:2      | Noticed Robin
  1616 | D:2      | HP: 1/26 [goblin/+0 club[Robin] (2)]
  1616 | D:2      | Slain by a goblin

Illustrated notes

Levels and vault maps discovered:
D:1:      dpeg_arrival_three_smaller_balls, layout_basic
D:2:      layout_basic, kennysheep_generic_room_15, uniq_robin

Skill      XL: |  1  2 |
---------------+-------+-----
Spellcasting   | 2 |  2.7
Conjurations   | 4 |  4.3
Dodging        | |  1.7
Stealth        | |  1.7

Action                     || total
---------------------------++-------
  Melee: Dagger            ||     6
   Cast: Magic Dart        ||    67
         Searing Ray       ||     1
    Use: Potion            ||     1
 Armour: Robe              ||     3
  Dodge: Dodged            ||    16
